 Dungeon Crawl Stone Soup version 0.24-a0-368-g0e0cebd0f3 (webtiles) character file.

Game seed: 2304170194912099268

87 Omegus91 the Skirmisher (level 4, 0/41 HPs)
             Began as a Hill Orc Fighter on May 29, 2019.
             Slain by Natasha (3 damage)
             ... on level 2 of the Dungeon.
             The game lasted 00:05:30 (1254 turns).

Omegus91 the Skirmisher (Hill Orc Fighter)          Turns: 1254, Time: 00:05:30

Health: 0/41       AC:  7    Str: 19    XL:     4   Next: 51%
Magic:  4/4        EV:  7    Int:  8    God:
Gold:   139        SH:  9    Dex: 10    Spells: 3/3 levels left

rFire    . . .     SeeInvis .   a - +0 war axe
rCold    . . .     Gourm    .   c - +0 shield
rNeg     . . .     Faith    .   b - +0 scale mail
rPois    .         Spirit   .   (no helmet)
rElec    .         Reflect  .   (no cloak)
rCorr    .         Harm     .   (no gloves)
MR       .....                  (no boots)
Stlth    ..........             (no amulet)
HPRegen  0.13/turn              (no ring)
MPRegen  0.09/turn              (no ring)

@: no status effects
A: no striking features
a: no special abilities


You were on level 2 of the Dungeon.
You were not hungry.

You visited 1 branch of the dungeon, and saw 2 of its levels.

You collected 139 gold pieces.

Inventory:

Hand Weapons
 a - a +0 war axe (weapon)
Missiles
 h - 24 sling bullets (quivered)
Armour
 b - a +0 scale mail (worn)
 c - a +0 shield (worn)
Scrolls
 e - 5 scrolls of magic mapping {unknown}
 i - a scroll of enchant armour {unknown}
 k - 2 scrolls of identify {unknown}
 l - 2 scrolls of enchant weapon {unknown}
 q - a scroll of teleportation {unknown}
 r - a scroll of fog {unknown}
 s - a scroll of remove curse {unknown}
Potions
 d - a potion of might
 j - a potion of resistance {unknown}
 m - 2 potions of curing {unknown}
 n - a potion of haste {unknown}
 o - a potion of ambrosia
 p - a potion of agility {unknown}
 t - a potion of brilliance {unknown}
Comestibles
 f - 7 rations
 g - 10 chunks of flesh


   Skills:
 + Level 4.5 Fighting
 + Level 3.5 Axes
 + Level 3.8 Armour
 + Level 0.4 Dodging
 + Level 0.1 Stealth
 + Level 4.0 Shields


You had 3 spell levels left.
You didn't know any spells.
Your spell library was empty.

Dungeon Overview and Level Annotations

Branches:
Dungeon (2/15)

Altars:
Gozag
Okawaru

Annotations:
D:2 Natasha


Message History

The crimson imp disappears in a puff of smoke!
The shadow imp hits you but does no damage.
Natasha stares at you and mumbles some strange words.
The magic dart hits you but does no damage.
You bump into the rock wall.
The shadow imp closely misses you. Natasha claws you!
* * * LOW HITPOINT WARNING * * *
You bump into the rock wall.
You feel less invigorated.
You feel less confused. You block the shadow imp's attack.
Natasha casts a spell at you.
The magic dart hits you but does no damage.
You barely miss Natasha.
Natasha is moderately wounded.
Your shield and scale mail prevent you from hitting the shadow imp.
The shadow imp shouts, "Remove thy stench, thou horrid boil-brained prigger-of-prances!"
The shadow imp hits you.
* * * LOW HITPOINT WARNING * * *
Natasha claws you.
You die...

..#.........#
####
............#
#...
.##........#
#...
#........#
#...
#........#
#...
..##........#
#...
........#'###
####
#########.#
#.h@5.#
#.##### #. ..
... .h#.
..5#. ##.##.


You could see Natasha and a shadow imp.

Vanquished Creatures
  Natasha (D:2)
  A gnoll (D:1)
  2 adders (D:2)
  A worm (D:2)
  2 dart slugs (D:1)
  A leopard gecko (D:2)
  2 giant cockroaches
  5 hobgoblins
  2 jackals (D:1)
  2 kobolds
  A quokka (D:2)
  A ball python (D:1)
  2 bats (D:1)
  2 frilled lizards (D:1)
  2 goblins (D:1)
  A rat (D:2)
28 creatures vanquished.

Notes
Turn   | Place    | Note
-------+----------+-------------------------------------------
     0 | D:1      | Omegus91 the Hill Orc Fighter began the quest for the Orb.
     0 | D:1      | Reached XP level 1. HP: 19/19 MP: 1/1
    16 | D:1      | Reached XP level 2. HP: 27/27 MP: 2/2
   320 | D:1      | Reached XP level 3. HP: 31/33 MP: 3/3
  1017 | D:2      | Found an opulent altar of Gozag.
  1119 | D:2      | Reached XP level 4. HP: 39/41 MP: 4/4
  1128 | D:2      | Found an iron altar of Okawaru.
  1179 | D:2      | Noticed Natasha
  1190 | D:2      | Killed Natasha
  1239 | D:2      | Noticed Natasha
  1250 | D:2      | HP: 2/41 [shadow imp/nerve-wracking pain[Natasha] (5)]
  1254 | D:2      | Slain by Natasha

Levels and vault maps discovered:
D:1:      saegor_arrival_miasma, layout_basic, serial_glass, glass_columns_a,
          glass_columns_a, serial_bayou_crossing
D:2:      layout_basic, old_standard_altar, lemuel_crystal_altar,
          chequers_ecumenical_altar_simple, uniq_natasha

Skill      XL: |  1  2  3  4 |
---------------+-------------+-----
Fighting       | 4 |  4.5
Axes           | 3 |  3.5
Shields        | 4 |  4.0
Armour         | |  3.8
Dodging        | |  0.4
Stealth        | |  0.1

Action                   |  1- 3 |  4- 6 || total
-------------------------+-------+-------++-------
Melee: War axe           |   102 |    24 ||   126
  Use: Potion            |       |     1 ||     1
  Eat: Chunk             |     1 |       ||     1
Armor: Scale mail        |    62 |     7 ||    69
Dodge: Dodged            |    39 |     4 ||    43
Block: Shield            |    55 |    13 ||    68

Table legend:
 A = Non-vault XP
 B = Vault XP
 C = Vault XP percentage of total XP
 D = Non-vault monster count
 E = Vault monster count
 F = Vault count percentage of total count
                 A         B        C        D         E       F
            +---------+---------+-------+---------+---------+-------
      Total |      90 |      35 |  28.0 |      27 |       1 |   3.6
            +---------+---------+-------+---------+---------+-------
        D:1 |      40 |       0 |   0.0 |      15 |       0 |   0.0
        D:2 |      50 |      35 |  41.2 |      12 |       1 |   7.7
            +---------+---------+-------+---------+---------+-------
